 Dungeon Crawl Stone Soup version 0.29-a0-666-g26d293caef (webtiles) character file.

Game seed: 15769599457930698568

63 NoAnimeNoLife the Ruffian (level 3, -3/33 HPs)
             Began as a Troll Warper on June 23, 2022.
             Slain by Duvessa
             ... wielding a +2 short sword of protection
              (13 damage)
             ... on level 4 of the Dungeon.
             The game lasted 00:01:56 (2277 turns).

NoAnimeNoLife the Ruffian (Troll Warper)            Turns: 2277, Time: 00:01:57

Health: -3/33      AC:  4    Str: 19    XL:     3   Next: 87%
Magic:  3/3        EV:  9    Int: 11    God:
Gold:   147        SH:  0    Dex:  9    Spells: 4/4 levels left

rFire   . . .      SeeInvis .     - Unarmed
rCold   . . .      Faith    .   (no shield)
rNeg    . . .      Spirit   .   a - +0 robe
rPois   .          Reflect  .   (helmet restricted)
rElec   .          Harm     .   (no cloak)
rCorr   .          Rampage  .   (gloves unavailable)
Will    .....                   (boots unavailable)
Stlth   +.........              (no amulet)
HPRegen 0.91/turn               (no ring)
MPRegen 0.08/turn               (no ring)

@: lethally poisoned (-3 -> -7), lit by a corona, glowing
A: large, unfitting armour, claws 3, regeneration 1, shaggy fur 1, tough skin 1
a: no special abilities


You were on level 4 of the Dungeon.
You visited 1 branch of the dungeon, and saw 4 of its levels.

You collected 147 gold pieces.

Inventory:

Missiles
 c - 7 boomerangs of dispersal (quivered)
Armour
 a - a +0 robe (worn)
Jewellery
 o - a ring of ice
 p - a ring of positive energy
Scrolls
 b - a scroll of blinking
 d - 2 scrolls of brand weapon {unknown}
 f - a scroll of noise {unknown}
 g - a scroll of magic mapping {unknown}
 h - a scroll of teleportation {unknown}
 l - a scroll of identify {unknown}
 n - a scroll of poison {unknown}
Potions
 e - 2 potions of invisibility {unknown}
 i - 4 potions of curing
 j - a potion of haste {unknown}
 k - a potion of heal wounds {unknown}
 m - 2 potions of might {unknown}
 q - a potion of brilliance {unknown}


   Skills:
 - Level 1.5 Fighting
 - Level 0.8 Throwing
 - Level 1.9 Dodging
 + Level 4.2 Unarmed Combat
 - Level 1.2 Spellcasting
 - Level 2.1 Translocations


You had 4 spell levels left.
You didn't know any spells.
Your spell library contained the following spells:

 Spells                   Type           Power      Damage    Failure   Level
 Blink                    Tloc           10%        N/A       19%         2
 Magic Dart               Conj           0%         1d3       32%         1
 Gell's Gravitas          Tloc           5%         N/A       36%         3
 Lesser Beckoning         Tloc           5%         N/A       36%         3
 Teleport Other           Tloc           5%         N/A       36%         3
 Call Imp                 Summ           0%         N/A       43%         2
 Sublimation of Blood     Necr           0%         N/A       43%         2
 Mephitic Cloud           Conj/Pois/Air  0%         N/A       67%         3
 Stone Arrow              Conj/Erth      0%         3d7       67%         3
 Animate Armour           Summ/Erth      0%         N/A       97%         4
 Petrify                  Tmut/Erth      0%         N/A       97%         4
 Manifold Assault         Tloc           5%         N/A       98%         5
 Irradiate                Conj/Tmut      0%         3d13      100%        5
 Lehudib's Crystal Spear  Conj/Erth      0%         10d2      100%        8


Dungeon Overview and Level Annotations

Branches:
Dungeon (4/15)
 Temple: D:4-7

Altars:
Kikubaaqudgha

Annotations:
D:4 Dowan, Duvessa


Innate Abilities, Weirdness & Mutations

You are too large for most types of armour.
You have claws for hands.
Your natural rate of healing is unusually fast.
You are covered in fur. (AC +1)
You have tough skin. (AC +1)


Message History

Okay, then.
Unknown command.
Done exploring.
Done exploring.
Done exploring.
(D) Dungeon
Where to? (Enter - D:12, ? - help)
What level of the Dungeon? (default 1, ? - help)
There is a stone staircase leading down here.
You climb downwards.
Found 19 gold pieces.
Found a stone staircase leading down.
There is a stone staircase leading up here.
A kobold is nearby!
A kobold is nearby!
A kobold is nearby!
A kobold is nearby!
Duvessa and Dowan come into view.
Duvessa is wielding a +2 short sword of protection.
Dowan shouts!
Duvessa shouts!
Dowan gestures at you while chanting. The puff of flame hits you!
Dowan gestures at you while chanting.
You are outlined in light.
Duvessa hits you with a +2 short sword of protection!
* * * LOW HITPOINT WARNING * * *
You are too injured to fight recklessly!
You are too injured to fight recklessly!
You are too injured to fight recklessly!
You are too injured to fight recklessly!
You are too injured to fight recklessly!
You are too injured to fight recklessly!
Dowan casts a spell at you. The puff of flame hits you.
* * * LOW HITPOINT WARNING * * *
There is a stone staircase leading up here.
It was a potion of curing.
You feel better. The kobold hits you but does no damage.
You are poisoned.
Duvessa hits you with a +2 short sword of protection!
You die...

##### #...#
#...# #...#
#...#
#...######
#...e@...#
#...K....#
#........#
+......$.#
#.....$..#
..........#
.>.#+#.....#
##.. #.....#
.. #.....#


You could see Duvessa and a kobold.

Vanquished Creatures
  An adder (D:2)
  A dart slug (D:1)
  3 endoplasms
  2 giant cockroaches (D:2)
  6 goblins
  4 hobgoblins
  4 jackals (D:3)
  3 quokkas
  6 ball pythons
  2 bats (D:1)
  4 frilled lizards
  7 kobolds
  7 rats
50 creatures vanquished.

Notes
Turn   | Place    | Note
-------+----------+-------------------------------------------
     0 | D:1      | NoAnimeNoLife the Troll Warper began the quest for the Orb.
     0 | D:1      | Reached XP level 1. HP: 19/19 MP: 1/1
   193 | D:1      | Reached XP level 2. HP: 27/27 MP: 2/2
   327 | D:1      | Reached skill level 3 in Unarmed Combat
   410 | D:1      | Found a faded altar of an unknown god.
   874 | D:2      | Reached XP level 3. HP: 15/33 MP: 3/3
  1070 | D:2      | Identified the +1 whip of Tenacity {vorpal, rF++ Will-
                  | Dex+5}
  1673 | D:3      | Reached skill level 4 in Unarmed Combat
  1976 | D:3      | Found an ancient bone altar of Kikubaaqudgha.
  2272 | D:4      | Noticed Duvessa
  2272 | D:4      | Noticed Dowan
  2277 | D:4      | Slain by Duvessa

Illustrated notes

Levels and vault maps discovered:
D:1:      amcnicky_arrival_feature_with_door, layout_loops_ring,
          nicolae_ecumenical_snake_handling, amethyst_killhole,
          skrybe_limestone_x, due_unseen_surprise
D:2:      layout_loops_corners, minmay_tetromino_l2
D:3:      layout_loops_cross, lemuel_crystal_altar
D:4:      layout_basic, zin_academy, minmay_misc_feat_cross, uniq_duvessa,
          uniq_pikel, uniq_crazy_yiuf_cottage

Skill      XL: |  1  2  3 |
---------------+----------+-----
Unarmed Combat | 3 4 |  4.2
Fighting       | |  1.5
Throwing       | |  0.8
Dodging        | |  1.9
Spellcasting   | |  1.2
Translocations | |  2.1

Action                   || total
-------------------------++-------
Melee: Unarmed           ||   122
       Punch             ||     2
  Use: Potion            ||     1
 Stab: Sleeping          ||     1
Armor: Robe              ||    50
Dodge: Dodged            ||    48

Table legend: (Time is in decaauts)
 A = Elapsed time spent in this place.
 B = Non-inter-level travel time spent in this place.
 C = Inter-level travel time spent in this place.
 D = Time resting spent in this place.
 E = Time spent auto-exploring this place.
 F = Levels seen in this place.
 G = Mean time per level.
                   A        B        C        D        E       F      G
               +--------+--------+--------+--------+--------+-----+--------+
         Total |   2268 |   2190 |     78 |      0 |   1873 |   4 |  567.0 |
       Dungeon |   2268 |   2190 |     78 |      0 |   1873 |   4 |  567.0 |
               +--------+--------+--------+--------+--------+-----+--------+

Top non-repeatable levels by time:
     D:2: 862 daAuts
     D:3: 712 daAuts
     D:1: 687 daAuts
     D:4: 5 daAuts
